 Dungeon Crawl Stone Soup version 0.26.0-10-g1f06aea511 (webtiles) character file.

Game seed: 4313667997673716579

22 inc the Vexing (level 2, 0/11 HPs)
             Began as a Felid Enchanter on Feb 1, 2021.
             Slain by a leopard gecko (2 damage)
             ... on level 1 of the Dungeon.
             The game lasted 00:00:39 (971 turns).

inc the Vexing (Felid Enchanter)                     Turns: 971, Time: 00:00:39

Health: 0/11       AC:  1    Str:  4    XL:     2   Next: 68%
Magic:  6/6        EV: 18    Int: 16    God:
Gold:   56         SH:  0    Dex: 16    Spells: 4/5 levels left
                                        Lives:  0   Deaths: 0

rFire    . . .     SeeInvis +     - Unarmed
rCold    . . .     Faith    .   (shield unavailable)
rNeg     . . .     Spirit   .   (armour unavailable)
rPois    .         Reflect  .   (helmet unavailable)
rElec    .         Harm     .   (cloak unavailable)
rCorr    .         Rampage  .   (gloves unavailable)
Will     .....                  (boots unavailable)
Stlth    +++.......             (no amulet)
HPRegen  0.03/turn              (no ring)
MPRegen  0.10/turn              (no ring)

@: quick
A: very small, no armour, no weapons or thrown items, stealth, claws 1, fangs 3,
see invisible, speed 1, shaggy fur 1, sharp paws
a: no special abilities


You were on level 1 of the Dungeon.
You visited 1 branch of the dungeon, and saw 1 of its levels.

You collected 56 gold pieces.

Inventory:

Scrolls
 c - 3 scrolls of remove curse {unknown}
 d - a scroll of blinking {unknown}
 f - a scroll of enchant weapon {unknown}
Potions
 a - a potion of brilliance {unknown}
 b - a potion of flight {unknown}
 e - a potion of curing {unknown}


   Skills:
 - Level 2.6 Dodging
 - Level 4.0 Stealth
 + Level 2.7 Unarmed Combat
 - Level 2.0 Spellcasting
 - Level 4.4 Hexes


You had 4 spell levels left.
You knew the following spells:

 Your Spells              Type           Power        Failure   Level
a - Corona                Hex            16%          3%          1

Your spell library contained the following spells:

 Spells                   Type           Power        Failure   Level
 Confusing Touch          Hex            15%          11%         3
 Tukima's Dance           Hex            15%          11%         3
 Ensorcelled Hibernation  Hex/Ice        16%          13%         2
 Dazzling Flash           Conj/Hex       16%          26%         3


Dungeon Overview and Level Annotations

Branches:
Dungeon (1/15)

Altars:


Innate Abilities, Weirdness & Mutations

You cannot wear armour.
You are incapable of wielding weapons or throwing items.
Your paws allow you to move quietly. (Stealth)
You have sharp claws.
You have razor-sharp teeth.
You have supernaturally acute eyesight. (SInv)
You cover ground quickly.
You are covered in fur. (AC +1)
Your sharp claws are effective at attacking unaware monsters.


Message History

The kobold throws a stone.
The stone misses you. The kobold closely misses you.
You closely miss the kobold. You barely miss the kobold.
The kobold barely misses you.
The leopard gecko completely misses you.
You miss the leopard gecko. The kobold hits you with a +0 whip!
Ouch! That really hurt!
* * * LOW HITPOINT WARNING * * *
The leopard gecko bites you.
* * * LOW HITPOINT WARNING * * *
You are too injured to fight recklessly!
The kobold throws a stone.
The stone misses you. The leopard gecko misses you.
You see here a stone.
The leopard gecko completely misses you.
You see here a stone.
The leopard gecko closely misses you.
You scratch the leopard gecko. You bite the leopard gecko.
The leopard gecko is moderately wounded.
The leopard gecko bites you.
You die...

#......#.........####.##..#
#......#.........#.##.#..#.
#..†...#.........#......#..
#......###.......#)####..#.
#.................(#...#..#
####.#.#############...##..
#...............+...+...
###.#############...#...
#...†@lK.(####....'...
########.....#...†#...
#.....#....##..
#.......#.#####..
#......##.# ###
#......(#.#######
#.......#........
#.#####.######### #. .#


You could see a leopard gecko and a kobold.

Vanquished Creatures
  2 dart slugs (D:1)
  5 bats (D:1)
  3 goblins (D:1)
  A hobgoblin (D:1)
  2 ball pythons (D:1)
  2 frilled lizards (D:1)
  2 rats (D:1)
17 creatures vanquished.

Notes
Turn   | Place    | Note
-------+----------+-------------------------------------------
     0 | D:1      | inc the Felid Enchanter began the quest for the Orb.
     0 | D:1      | Reached XP level 1. HP: 7/7 MP: 4/4
   215 | D:1      | Reached XP level 2. HP: 11/11 MP: 6/6
   971 | D:1      | Slain by a leopard gecko

Illustrated notes

Levels and vault maps discovered:
D:1:      psy_arrival_dodecagon, layout_basic, minmay_pentomino_w4

Skill      XL: |  1 |
---------------+----+-----
Unarmed Combat | 2 |  2.7
Dodging        | |  2.6
Stealth        | |  4.0
Spellcasting   | |  2.0
Hexes          | |  4.4

Action                   || total
-------------------------++-------
Melee: Unarmed           ||    48
       Bite              ||     3
 Stab: Sleeping          ||     9
Armor: Skin              ||     1
Dodge: Dodged            ||    40
